 Dungeon Crawl Stone Soup version 0.22-a0-445-g8c8ef71 (webtiles) character file.

379 Borgoz the Ruffian (level 6, -1/52 HPs)
             Began as a Ghoul Gladiator on June 2, 2018.
             Slain by Pikel
             ... wielding a +0 whip of electrocution
              (4 damage)
             ... on level 4 of the Dungeon.
             The game lasted 00:04:46 (2944 turns).

Borgoz the Ruffian (Ghoul Gladiator)                Turns: 2944, Time: 00:04:48

Health: -1/52      AC:  4    Str: 18    XL:     6   Next: 74%
Magic:  5/5        EV: 13    Int:  3    God:
Gold:   224        SH:  0    Dex: 12    Spells: 5/5 levels left

rFire    . . .     SeeInvis .     - Unarmed
rCold    + . .     Gourm    .   (no shield)
rNeg     + + +     Faith    .   a - +0 leather armour
rPois    ∞         Spirit   .   b - +0 helmet
rElec    .         Reflect  .   (no cloak)
rCorr    .         Harm     .   (no gloves)
MR       .....                  (no boots)
Stlth    +.........             (no amulet)
HPRegen  0.00/turn              (no ring)
MPRegen  0.09/turn              (no ring)

@: confused, rotting
A: rotting body, claws 1, carnivore, cold resistance 1, negative energy
resistance 3, inhibited regeneration, torment resistance, unbreathing
a: no special abilities


You were on level 4 of the Dungeon.
You were not hungry.

You visited 1 branch of the dungeon, and saw 4 of its levels.

You collected 224 gold pieces.

Inventory:

Hand Weapons
 t - a +2 dagger of holy wrath
Missiles
 c - 4 throwing nets (quivered)
Armour
 a - a +0 leather armour (worn)
 b - a +0 helmet (worn)
Jewellery
 e - an uncursed amulet of faith {unknown}
 f - an uncursed ring of stealth {unknown}
 k - an uncursed ring of protection from cold {unknown}
 u - an uncursed ring of protection from fire {unknown}
Scrolls
 h - a scroll of amnesia {unknown}
 i - a scroll of blinking {unknown}
 l - 3 scrolls of remove curse {unknown}
 o - 2 scrolls of identify {unknown}
 p - 2 scrolls of fear {unknown}
Potions
 j - a potion of mutation {unknown}
 n - a potion of heal wounds {unknown}
 q - a potion of curing {unknown}
 r - a potion of magic {unknown}
 s - a potion of berserk rage {unknown}
Comestibles
 d - 10 rations
 m - 6 chunks of flesh


   Skills:
 + Level 3.7 Fighting
 - Level 1.7 Throwing
 * Level 3.2 Armour
 * Level 4.3 Dodging
 + Level 4.4 Unarmed Combat


You had 5 spell levels left.
You didn't know any spells.
Your spell library was empty.

Dungeon Overview and Level Annotations

Branches:
Dungeon (4/15)
 Temple: D:4-7

Altars:
Gozag
Sif Muna

Annotations:
D:4 Pikel


Innate Abilities, Weirdness & Mutations

Your body is rotting away.
You thrive on raw meat.
You are immune to poison.
You have sharp fingernails.
You are carnivorous and can eat meat at any time.
Your flesh is cold resistant. (rC+)
You are immune to negative energy. (rN+++)
You do not regenerate when monsters are visible.
You are immune to unholy pain and torment.
You can survive without breathing.


Message History

The slave barely misses you. The howler monkey hits you!
The slave barely misses you.
Pikel hits you with a whip of electrocution.
The slave hits you but does no damage.
You scratch Pikel.
Pikel is severely wounded.
The howler monkey barely misses you. The slave hits you. The slave misses you.
Pikel hits you with a whip of electrocution.
* * * LOW HITPOINT WARNING * * *
The slave hits you.
* * * LOW HITPOINT WARNING * * *
The howler monkey hits you.
* * * LOW HITPOINT WARNING * * *
You claw the slave!
The slave is heavily wounded.
The slave hits you!
* * * LOW HITPOINT WARNING * * *
The slave misses you.
Pikel hits you with a whip of electrocution.
You die...

...........#...#
...........#..
...........'.
........)[.#
.......##'######
...h...#).##...#
.......#p......#.......##
.......#hK.....#.......#.
.......#@pO....#.......#<
o......#pp###+##.......#.
#..##...#.......#.
#.......#.......#.
#.......#.......#.
#(......#.......#.
#..##...#.......#.
#..##...#.......#.
#..###'##.......#.


You could see Pikel, an ogre, 4 slaves and a howler monkey.

Vanquished Creatures
  2 hounds
  An orc wizard (D:4)
  A bullfrog skeleton (D:4)
  Terence (D:3)
  3 worker ants (D:4)
  A hound skeleton (D:4)
  Robin (D:4)
  5 adders
  An ooze (D:4)
  5 worms
  2 dart slugs
  2 leopard geckos (D:1)
  6 orcs
  4 bats (D:1)
  2 giant cockroaches
  15 goblins
  8 hobgoblins
  4 jackals
  8 kobolds
  A quokka (D:4)
  3 frilled lizards
  A leopard gecko skeleton (D:4)
  3 rats
80 creatures vanquished.

Notes
Turn   | Place    | Note
-------+----------+-------------------------------------------
     0 | D:1      | Borgoz the Ghoul Gladiator began the quest for the Orb.
     0 | D:1      | Reached XP level 1. HP: 17/17 MP: 0/0
   155 | D:1      | Reached XP level 2. HP: 8/22 MP: 1/1
   419 | D:1      | Reached skill level 1 in Armour
   520 | D:1      | You fall through a shaft!
   547 | D:2      | Reached XP level 3. HP: 14/30 MP: 2/2
  1195 | D:2      | Found an opulent altar of Gozag.
  1360 | D:2      | Reached XP level 4. HP: 31/37 MP: 3/3
  1778 | D:2      | Found a deep blue altar of Sif Muna.
  2044 | D:3      | Noticed Terence
  2071 | D:3      | Killed Terence
  2071 | D:3      | Reached XP level 5. HP: 34/45 MP: 4/4
  2584 | D:4      | Noticed Robin
  2608 | D:4      | Reached XP level 6. HP: 29/51 MP: 5/5
  2624 | D:4      | Killed Robin
  2918 | D:4      | Noticed Pikel
  2918 | D:4      | Noticed a slave
  2918 | D:4      | Noticed a slave
  2918 | D:4      | Noticed a slave
  2918 | D:4      | Noticed a slave
  2944 | D:4      | Slain by Pikel

Vault maps used:
D:1:      ncdulo_lavacross
D:2:      nicolae_gozag_seed_capital, led_sif_pool
D:3:      minmay_strange_pillars, uniq_terence
D:4:      first_ration, kennysheep_nub, minmay_box_of_dots, uniq_robin,
          uniq_pikel

Skill      XL: |  1  2  3  4  5  6 |
---------------+-------------------+-----
Armour         | 1 2 3 |  3.2
Dodging        | 3 4 |  4.3
Fighting       | 3 |  3.7
Unarmed Combat | 4 |  4.4
Throwing       | |  1.7

Action                   |  1- 3 |  4- 6 || total
-------------------------+-------+-------++-------
Melee: Unarmed           |   121 |   215 ||   336
       Punch             |     4 |     4 ||     8
  Use: Potion            |       |     2 ||     2
  Eat: Chunk             |    10 |    33 ||    43
Armor: Leather armour    |    34 |    49 ||    83
Dodge: Dodged            |    76 |   157 ||   233

Table legend:
 A = Spawn XP
 B = Non-spawn XP
 C = Spawn XP percentage of total XP
 D = Spawn monster count
 E = Non-spawn monster count
 F = Spawn count percentage of total count
 G = Total turns spent on level
                    A         B        C        D         E        F      G
               +---------+---------+-------+---------+---------+-------+---------
         Total |       0 |     542 |   0.0 |       0 |      80 |   0.0 |  2944
               +---------+---------+-------+---------+---------+-------+---------
           D:1 |       0 |      37 |   0.0 |       0 |      20 |   0.0 |   976
           D:2 |       0 |      56 |   0.0 |       0 |      14 |   0.0 |   868
           D:3 |       0 |     112 |   0.0 |       0 |      16 |   0.0 |   497
           D:4 |       0 |     337 |   0.0 |       0 |      30 |   0.0 |   603
               +---------+---------+-------+---------+---------+-------+---------
